 Dungeon Crawl Stone Soup version 0.28.0 (webtiles) character file.

Game seed: 11907206465716930708

16 Hasart the Insei (level 2, 0/18 HPs)
             Began as an Octopode Transmuter on Feb 15, 2022.
             Constricted to death by a ball python (1 damage)
             ... on level 1 of the Dungeon.
             The game lasted 00:00:33 (318 turns).

Hasart the Insei (Octopode Transmuter)               Turns: 318, Time: 00:00:34

Health: 0/18       AC:  1    Str:  9    XL:     2   Next: 58%
Magic:  5/5        EV: 10    Int: 15    God:
Gold:   0          SH:  0    Dex: 12    Spells: 4/5 levels left

rFire   . . .      SeeInvis .     - Unarmed
rCold   . . .      Faith    .   (no shield)
rNeg    . . .      Spirit   .   (helmet currently unavailable)
rPois   .          Reflect  .   (no amulet)
rElec   .          Harm     .   (no ring)
rCorr   .          Rampage  .   (no ring)
Will    .....                   (no ring)
Stlth   ++........              (no ring)
HPRegen 0.06/turn               (no ring)
MPRegen 0.09/turn               (no ring)
                                (no ring)
                                (no ring)

@: appendages (expiring), constricted
A: tentacle spike 3, almost no armour, amphibious, 8 rings, camouflage 1,
gelatinous body 1, (nimble swimmer 1), tentacles
a: End Transformation


You were on level 1 of the Dungeon.
One of your tentacles had grown a beastly spike.
You visited 1 branch of the dungeon, and saw 1 of its levels.

You aren't carrying anything.


   Skills:
 + Level 1.3 Fighting
 + Level 2.1 Dodging
 * Level 3.3 Unarmed Combat
 + Level 2.1 Spellcasting
 + Level 2.1 Transmutations


You had 4 spell levels left.
You knew the following spells:

 Your Spells              Type           Power      Damage    Failure   Level
a - Beastly Appendage     Tmut           16%        N/A       9%          1

Your spell library contained the following spells:

 Spells                   Type           Power      Damage    Failure   Level
 Wereblood                Tmut           8%         N/A       14%         2
 Spider Form              Tmut/Pois      4%         N/A       38%         3
 Ice Form                 Ice/Tmut       4%         N/A       80%         4


Dungeon Overview and Level Annotations

Branches:
Dungeon (1/15)

Altars:


Innate Abilities, Weirdness & Mutations

One of your tentacles has grown a beastly spike.
You cannot wear most types of armour.
You are amphibious.
You can wear up to eight rings at the same time.
Your skin changes colour to match your surroundings (Stealth+).
Your rubbery body absorbs attacks. (AC +1, EV +1)
((You are camouflaged when in or above water. (Stealth+)))
You have tentacles for arms and can constrict up to eight enemies at once.


Message History

You are too injured to fight recklessly!
You are too injured to fight recklessly!
You are too injured to fight recklessly!
You are too injured to fight recklessly!
You are too injured to fight recklessly!
You are too injured to fight recklessly!
You are too injured to fight recklessly!
You are too injured to fight recklessly!
You barely miss the jackal. Your grab misses the jackal.
Your tentacle spike misses the jackal.
The jackal is severely wounded.
The jackal bites you.
You miss the jackal. You grab the jackal.
You pierce the jackal.
You kill the jackal!
You tentacle-slap the jackal. Your grab misses the jackal.
Your tentacle spike misses the jackal.
The jackal is moderately wounded.
The jackal closely misses you.
You closely miss the jackal. Your grab misses the jackal.
Your squeeze misses the jackal.
The jackal is moderately wounded.
The jackal bites you.
* * * LOW HITPOINT WARNING * * *
The jackal closely misses you.
You barely miss the jackal. You grab the jackal.
You pierce the jackal, but do no damage.
The jackal is moderately wounded.
Your transformation is almost over.
You constrict the jackal, but do no damage.
The jackal bites you.
* * * LOW HITPOINT WARNING * * *
You tentacle-slap the jackal.
You kill the jackal!
Unknown command.
You tentacle-slap the ball python but do no damage.
Your grab misses the ball python. Your squeeze misses the ball python.
The ball python barely misses you. The ball python completely misses you.
The ball python closely misses you. The ball python grabs you.
The ball python constricts you.
You die...

+..####.#.# #.#
#8......#.# #..
...######.# #.# .### #.#
#.# .########.#### #.#
##
.............###.###...#
##########..............
###.###.###... #.# #@#
##### #.# #S####.## ....
..# #h....... ..### ###
#.####.## .....
....h........# ..#
###..........# ..#
#.####.##S## ..# # .# #
..# .#


You could see a jackal and a ball python.

Vanquished Creatures
  2 bats (D:1)
  3 goblins (D:1)
  3 jackals (D:1)
  4 kobolds (D:1)
  A rat (D:1)
13 creatures vanquished.

Notes
Turn   | Place    | Note
-------+----------+-------------------------------------------
     0 | D:1      | Hasart the Octopode Transmuter began the quest for the Orb.
     0 | D:1      | Reached XP level 1. HP: 13/13 MP: 3/3
    46 | D:1      | Reached XP level 2. HP: 16/18 MP: 3/5
   318 | D:1      | Constricted to death by a ball python

Illustrated notes

Levels and vault maps discovered:
D:1:      dpeg_arrival_refuge, layout_loops_ring,
          dreamdust_ecumenical_altar_angels_and_demons, nrook_uturn,
          minmay_tetromino_s4

Action                   || total
-------------------------++-------
Melee: Unarmed           ||    40
       Constrict         ||    10
       Kick              ||     4
       Tentacles         ||     5
       Punch             ||     1
 Cast: Beastly Appendage ||     2
 Stab: Sleeping          ||     2
Armor: Skin              ||     6
Dodge: Dodged            ||    24
